 Dungeon Crawl Stone Soup version 0.28-a0-1234-g826d19b2e0 (webtiles) character file.

Game seed: 4125975660182592098

8918 pokeman the Thaumaturge (level 11, -3/61 HPs)
             Began as a Deep Elf Hedge Wizard on Dec 23, 2021.
             Was a Priest of Vehumet.
             Slain by a death yak (18 damage)
             ... on level 11 of the Dungeon.
             The game lasted 00:37:05 (13665 turns).

pokeman the Thaumaturge (Deep Elf Hedge Wizard)    Turns: 13665, Time: 00:37:06

Health: -3/61      AC: 14    Str:  7    XL:     11   Next: 16%
Magic:  28/40      EV:  7    Int: 24    God:    Vehumet [***...]
Gold:   588        SH:  0    Dex: 14    Spells: 27/39 levels left

rFire   + + .      SeeInvis .   H - +2 dagger (venom)
rCold   x . .      Faith    .   (no shield)
rNeg    . . .      Spirit   .   s - +0 fire dragon scales
rPois   .          Reflect  .   c - +0 hat
rElec   .          Harm     .   g - +2 cloak
rCorr   .          Rampage  .   (no gloves)
Will    +....                   l - +0 pair of boots
Stlth   +.........              (no amulet)
HPRegen 0.20/turn               K - ring of wizardry
MPRegen 0.27/turn               S - ring of magical power

@: no status effects
A: no striking features
a: Renounce Religion


You were on level 11 of the Dungeon.
You worshipped Vehumet.
Vehumet was most pleased with you.
You visited 2 branches of the dungeon, and saw 12 of its levels.

You collected 588 gold pieces.

Inventory:

Hand Weapons
 E - a +0 shortbow
 H - a +2 dagger of venom (weapon)
Missiles
 d - 202 arrows
 m - 100 bolts
 t - 4 throwing nets
 D - 5 curare-tipped darts
Armour
 c - a +0 hat (worn)
 g - a +2 cloak (worn)
 j - a +0 leather armour
 l - a +0 pair of boots (worn)
 s - +0 fire dragon scales (worn)
 B - a +2 ring mail of cold resistance
 C - a +1 ring mail of poison resistance
Magical Staves
 q - a staff of air
Jewellery
 r - a ring of see invisible
 x - a ring of fire
 J - a ring of wizardry
 K - a ring of wizardry (left hand)
 O - a +4 ring of slaying
 S - a ring of magical power (right hand)
Wands
 R - a wand of flame (8)
Scrolls
 e - a scroll of immolation {unknown}
 f - 6 scrolls of identify {unknown}
 k - a scroll of enchant weapon {unknown}
 n - 3 scrolls of noise {unknown}
 p - 7 scrolls of teleportation {unknown}
 u - a scroll of vulnerability {unknown}
 v - a scroll of fear {unknown}
 y - a scroll of brand weapon {unknown}
 F - a scroll of blinking {unknown}
 M - a scroll of enchant armour {unknown}
 N - a scroll of amnesia {unknown}
 P - a scroll of silence {unknown}
 Q - a scroll of fog {unknown}
Potions
 a - a potion of resistance
 b - 4 potions of curing {unknown}
 h - a potion of cancellation {unknown}
 i - 2 potions of might {unknown}
 o - 2 potions of degeneration {unknown}
 w - a potion of lignification {unknown}
 z - 3 potions of heal wounds {unknown}
 A - 3 potions of haste {unknown}
 G - a potion of flight {unknown}
 I - a potion of attraction {unknown}
 L - a potion of magic {unknown}


   Skills:
 - Level 4.0 Fighting
 + Level 4.6 Armour
 - Level 3.0 Dodging
 - Level 3.0 Stealth
 * Level 14.8 Spellcasting
 + Level 8.6 Conjurations
 - Level 1.1 Summonings
 - Level 1.0 Necromancy
 - Level 1.1 Translocations
 + Level 7.8 Fire Magic
 - Level 1.0 Air Magic
 - Level 1.1 Poison Magic
 - Level 1.0 Evocations


You had 27 spell levels left.
You knew the following spells:

 Your Spells              Type           Power      Damage    Failure   Level
a - Magic Dart            Conj           100%       1d8       1%          1
b - Mephitic Cloud        Conj/Pois/Air  35%        N/A       4%          3
c - Call Imp              Summ           23%        N/A       21%         2
d - Blink                 Tloc           46%        N/A       21%         2
e - Conjure Flame         Conj/Fire      55%        6-21      1%          3
f - Shock                 Conj/Air       100%       1d9       1%          1

Your spell library contained the following spells:

 Spells                   Type           Power      Damage    Failure   Level
 Olgreb's Toxic Radiance  Pois           23%        N/A       30%         4
 Ignite Poison            Fire/Tmut/Pois 32%        N/A       5%          3
 Poisonous Vapours        Pois/Air       46%        N/A       6%          2
 Slow                     Hex            68%        N/A       21%         1
 Corpse Rot               Necr/Air       44%        N/A       21%         2
 Conjure Ball Lightning   Conj/Air       20%        3x3d6     67%         6


Dungeon Overview and Level Annotations

Branches:
Dungeon (11/15)            Temple (1/1) D:5             Orc (0/2) D:9
   Lair: D:8-11

Altars:
Dithmenos
Fedhas
Kikubaaqudgha
Nemelex Xobeh
Okawaru
Qazlal
Ru
Sif Muna
Trog
Uskayaw
Vehumet
Wu Jian
Zin
Beogh

Annotations:
D:5 2 transporters, dang3rdave's ghost, novice GrDe


Message History

The death yak bellows!
You hear a horrible gurgling sound!
The death yak is engulfed in blazing flames.
The death yak gores your crimson imp!
Your crimson imp hits the death yak.
Unknown command.
The death yak is engulfed in blazing flames.
The death yak closely misses your crimson imp.
Your crimson imp hits the death yak but does no damage.
Unknown command.
The death yak is engulfed in blazing flames.
The death yak gores your crimson imp!!
Your crimson imp dies!
Your crimson imp disappears in a puff of smoke!
Unknown command.
Casting: Shock (safe; 1% risk of failure)
Confirm with . or Enter, or press ? or * to list all spells.
Aiming: Shock (safe; 1% risk of failure)
Press: ? - help, Shift-Dir - straight line, f/p - death yak
Aim: a death yak (flame, severely wounded, 91% to hit)
The zap hits the death yak.
The death yak is severely wounded.
The zap misses the kobold demonologist.
The zap hits the river rat.
The river rat is heavily wounded.
The kobold demonologist hits the rat with a +0 dagger.
The rat is killed!
Vehumet accepts your kill.
You feel your power returning.
The death yak is engulfed in blazing flames.
Unknown command.
Casting: Shock (safe; 1% risk of failure)
Confirm with . or Enter, or press ? or * to list all spells.
Aiming: Shock (safe; 1% risk of failure)
Press: ? - help, Shift-Dir - straight line, f/p - death yak
Aim: a death yak (flame, severely wounded, 91% to hit)
The zap hits the death yak.
The death yak is severely wounded.
The zap hits the kobold demonologist.
The kobold demonologist is moderately wounded.
The death yak is engulfed in blazing flames.
The death yak gores you!!
You die...

#.....#....+...#......#.....#
##...##...###+##.###..# #.##
..##...##+##### #.###..####.##
.........'.....# ..#.....(+....
.........#.....# ...#......#....
...##+#######[#####+##..##.##.##
... ##.##.##....##..##.##.## ..
#.....................#.
+......@..............#. #.
#..###Y########.##...###
..#.r######§..# #. #####
....YrY..rK...# #
.........)#...# ..#.....†######
.........# .#..###..# #.. ####


You could see a death yak, a kobold demonologist (confused) and a river rat.

Vanquished Creatures
  2 two-headed ogres (D:10)
  A death yak (D:11)
  Nergalle (D:10)
  Joseph (D:9)
  An unseen horror (D:10)
  A troll (D:10)
  Prince Ribbit (D:7)
  Grinder (D:5)
  A meliai zombie (D:11)
  A shadow (D:9)
  A wraith (D:6)
  2 acid dragons
  Menkaure (D:7)
  3 water moccasins
  3 orc warriors
  A black bear (D:5)
  A hornet zombie (D:6)
  3 sky beasts
  2 necrophages
  An ogre (D:7)
  4 centaurs
  A phantom (D:6)
  3 kobold brigands
  5 bullfrogs
  2 scorpions
  A wyvern zombie (D:9)
  7 wights
  3 howler monkeys
  8 centaur zombies
  2 centaur skeletons (D:6)
  3 hounds
  3 orc priests
  2 jellies
  Natasha (thrice) (D:2)
  Terence (D:2)
  3 iguanas
  7 orc wizards
  A hell rat (D:11)
  6 adders
  3 white imps (D:7)
  4 dart slugs
  6 worms
  58 orcs
  5 bats
  10 endoplasms
  3 giant cockroaches
  7 goblins
  11 hobgoblins
  4 jackals
  21 kobolds
  5 quokkas
  5 ball pythons
  3 frilled lizards
  A quokka skeleton (D:4)
  6 rats
246 creatures vanquished.

Vanquished Creatures (collateral kills)
  An orc (D:4)
  A hobgoblin (D:2)
2 creatures vanquished.

Vanquished Creatures (others)
  3 fungi (D:1)
  5 plants (D:1)
8 creatures vanquished.

Grand Total: 256 creatures vanquished

Notes
Turn   | Place    | Note
-------+----------+-------------------------------------------
     0 | D:1      | pokeman the Deep Elf Hedge Wizard began the quest for the
                  | Orb.
     0 | D:1      | Reached XP level 1. HP: 10/10 MP: 7/7
    10 | D:1      | Found a faded altar of an unknown god.
   477 | D:1      | Reached XP level 2. HP: 16/16 MP: 0/9
  1173 | D:1      | Reached skill level 5 in Spellcasting
  1302 | D:2      | Noticed Natasha
  1367 | D:2      | Noticed a crimson imp
  1367 | D:2      | Killed Natasha
  1368 | D:2      | Reached skill level 1 in Fighting
  1368 | D:2      | Reached skill level 1 in Armour
  1368 | D:2      | Reached XP level 3. HP: 6/20 MP: 3/11
  1372 | D:2      | Learned a level 3 spell: Mephitic Cloud
  1375 | D:2      | Learned a level 2 spell: Call Imp
  1378 | D:2      | Learned a level 2 spell: Blink
  1383 | D:2      | Learned a level 3 spell: Conjure Flame
  1659 | D:2      | Noticed Natasha
  1825 | D:2      | Killed Natasha
  1826 | D:2      | Reached XP level 4. HP: 12/25 MP: 0/13
  2022 | D:2      | Noticed Natasha
  2257 | D:2      | Killed Natasha
  2635 | D:2      | Noticed Terence
  2650 | D:2      | Killed Terence
  2651 | D:2      | Reached skill level 6 in Spellcasting
  2651 | D:2      | Reached skill level 1 in Fire Magic
  2651 | D:2      | Reached XP level 5. HP: 29/29 MP: 7/15
  3232 | D:3      | Found a blossoming altar of Fedhas.
  4525 | D:4      | Found a bloodstained altar of Trog.
  4825 | D:4      | Reached XP level 6. HP: 21/34 MP: 7/17
  4832 | D:4      | Reached skill level 1 in Air Magic
  4854 | D:4      | Reached skill level 7 in Spellcasting
  4876 | D:4      | Reached skill level 1 in Evocations
  5699 | D:5      | Entered Level 5 of the Dungeon
  5834 | D:5      | Found a transporter.
  5837 | D:5      | Noticed dang3rdave's ghost (novice GrDe)
  5858 | D:5      | Found a transporter.
  5963 | D:5      | Found a staircase to the Ecumenical Temple.
  5972 | Temple   | Entered the Ecumenical Temple
  6030 | Temple   | Became a worshipper of Vehumet
  6419 | D:5      | Reached skill level 1 in Poison Magic
  6431 | D:5      | Noticed Grinder
  6442 | D:5      | Paralysed by Grinder for 3 turns
  6446 | D:5      | Killed Grinder
  6447 | D:5      | Reached XP level 7. HP: 23/39 MP: 10/20
  6844 | D:6      | Reached skill level 8 in Spellcasting
  7276 | D:6      | Reached skill level 9 in Spellcasting
  7276 | D:6      | Reached XP level 8. HP: 12/44 MP: 8/23
  7728 | D:6      | Reached * piety under Vehumet
  7728 | D:6      | Offered knowledge of Shock by Vehumet.
  7729 | D:6      | Reached skill level 5 in Conjurations
  7731 | D:6      | Learned a level 1 spell: Shock
  7812 | D:6      | Found a sparkling altar of Nemelex Xobeh.
  8042 | D:7      | Noticed Prince Ribbit
  8051 | D:7      | Killed Prince Ribbit
  8052 | D:7      | Reached skill level 10 in Spellcasting
  8622 | D:7      | Noticed Menkaure
  8625 | D:7      | Killed Menkaure
  8803 | D:7      | Reached XP level 9. HP: 49/49 MP: 18/25
  8894 | D:7      | Reached skill level 11 in Spellcasting
  9089 | D:7      | Reached skill level 5 in Fire Magic
  9637 | D:7      | Offered knowledge of Freeze by Vehumet.
  9781 | D:7      | Reached skill level 12 in Spellcasting
 10072 | D:8      | Reached ** piety under Vehumet
 10760 | D:8      | Reached XP level 10. HP: 39/56 MP: 25/28
 10762 | D:8      | Offered knowledge of Inner Flame by Vehumet.
 10993 | D:9      | Got Wofo's Disquisition on Toxic Flight
 11006 | D:9      | Found a staircase to the Orcish Mines.
 11019 | D:9      | Reached *** piety under Vehumet
 11232 | D:9      | Reached skill level 1 in Necromancy
 11303 | D:9      | Found a glowing silver altar of Zin.
 11438 | D:9      | Noticed Joseph
 11465 | D:9      | Killed Joseph
 11466 | D:9      | Reached skill level 13 in Spellcasting
 12447 | D:10     | Entered Level 10 of the Dungeon
 12522 | D:10     | Found a sacrificial altar of Ru.
 12538 | D:10     | Noticed a two-headed ogre
 12539 | D:10     | Noticed a two-headed ogre
 12549 | D:10     | Killed a two-headed ogre
 12555 | D:10     | Killed a two-headed ogre
 12841 | D:10     | Noticed Nergalle
 12850 | D:10     | Killed Nergalle
 12851 | D:10     | Reached skill level 14 in Spellcasting
 13263 | D:11     | Reached XP level 11. HP: 60/61 MP: 25/31
 13269 | D:11     | Offered knowledge of Olgreb's Toxic Radiance by Vehumet.
 13645 | D:11     | Noticed a death yak
 13649 | D:11     | Noticed a death yak
 13652 | D:11     | Noticed a death yak
 13660 | D:11     | Killed a death yak
 13665 | D:11     | Slain by a death yak

Illustrated notes

Levels and vault maps discovered:
D:1:      pf_arrival_petrified_forest, layout_loops_cross,
          shapermc_ecumenical_altar_ellora
D:2:      layout_rooms, grunt_ministairs_6, kennysheep_another_room,
          uniq_terence, uniq_natasha
D:3:      layout_basic, fedhas_altar_3, kennysheep_path_1, dk_noncrumbling_3,
          nicolae_wormholes
D:4:      layout_basic, trog_hazing_becter
D:5:      layout_loops_corners, temple_statues, gammafunk_ghost_stat_death,
          uniq_grinder
D:6:      layout_cave_pools, nemelex_xobeh_ov_fountains_minmay,
          kennysheep_nondescript
D:7:      layout_gridville, nzn_random_ring, uniq_menkaure, uniq_prince_ribbit1
D:8:      layout_rooms, special_room [special_room_orc]
D:9:      layout_irregular_city, zin_statuary, david_orc_2, lemuel_flame_loot_1,
          uniq_joseph
D:10:     layout_loops_ring, nicolae_ru_path_of_blood, uniq_nergalle
D:11:     layout_gridville, dpeg_lair_monsters, serial_undead, serial_undead_b,
          serial_undead_a, serial_undead_d, serial_undead_b
Temple:   bh_familiar_temple

Skill      XL: |  1  2  3  4  5  6  7  8  9 10 |
---------------+-------------------------------+-----
Spellcasting   | 5 6 7 9 10 12 14 | 14.8
Fighting       | 1 2 3 4 |  4.0
Armour         | 1 2 3 4 |  4.6
Conjurations   | 2 3 4 5 7 8 |  8.6
Fire Magic     | 1 3 4 6 7 |  7.8
Dodging        | 3 |  3.0
Stealth        | 3 |  3.0
Air Magic      | 1 |  1.0
Evocations     | 1 |  1.0
Poison Magic   | 1 |  1.1
Necromancy     | 1 |  1.0
Summonings     | |  1.1
Translocations | |  1.1

Action                   |  1- 3 |  4- 6 |  7- 9 | 10-12 || total
-------------------------+-------+-------+-------+-------++-------
Melee: Dagger            |     3 |     4 |     6 |    19 ||    32
       Spear             |       |    18 |    52 |       ||    70
 Cast: Magic Dart        |    72 |   198 |   127 |    15 ||   412
       Mephitic Cloud    |     1 |     4 |    14 |     9 ||    28
       Call Imp          |     1 |     3 |     1 |     2 ||     7
       Conjure Flame     |       |     5 |    25 |    20 ||    50
       Blink             |       |     1 |     9 |       ||    10
       Shock             |       |       |   150 |   122 ||   272
 Stab: Confused          |       |     3 |     7 |       ||    10
Armor: Robe              |     7 |     3 |       |       ||    10
       Leather armour    |       |    21 |    60 |     8 ||    89
       Fire dragon scale |       |       |       |    21 ||    21
Dodge: Dodged            |    10 |    37 |    89 |    31 ||   167

Table legend: (Time is in decaauts)
 A = Elapsed time spent in this place.
 B = Non-inter-level travel time spent in this place.
 C = Inter-level travel time spent in this place.
 D = Time resting spent in this place.
 E = Time spent auto-exploring this place.
 F = Levels seen in this place.
 G = Mean time per level.
                   A        B        C        D        E       F      G
               +--------+--------+--------+--------+--------+-----+--------+
         Total |  13683 |  13231 |    452 |    700 |  10421 |  12 | 1140.2 |
       Dungeon |  13599 |  13171 |    428 |    700 |  10367 |  11 | 1236.3 |
        Temple |     83 |     59 |     24 |      0 |     54 |   1 |   83.0 |
               +--------+--------+--------+--------+--------+-----+--------+

Top non-repeatable levels by time:
     D:7: 1802 daAuts
     D:1: 1670 daAuts
     D:4: 1508 daAuts
     D:9: 1460 daAuts
     D:2: 1408 daAuts
     D:6: 1303 daAuts
     D:5: 1160 daAuts
     D:3: 1128 daAuts
     D:8: 941 daAuts
    D:10: 786 daAuts
    D:11: 427 daAuts
  Temple: 83 daAuts
